 Dungeon Crawl Stone Soup version 0.31-a0-1267-gfedaa18580 (webtiles) character file.

Game seed: 5686371726602293158

2270 drugrobin the Basher (level 8, -2/62 HPs)
             Began as a Demigod Delver on Dec 17, 2023.
             Slain by an orc knight
             ... wielding a +0 war axe
              (19 damage)
             ... in a bailey.
             The game lasted 00:16:58 (5831 turns).

drugrobin the Basher (Demigod Delver)               Turns: 5831, Time: 00:16:59

Health: -2/62      AC: 11    Str: 21    XL:     8   Next: 94%
Magic:  10/10      EV:  8    Int: 12    God:
Gold:   343        SH:  0    Dex: 15    Spells: 5/7 levels left

rFire   . . .        a - +2 flail (drain)
rCold   . . .        (no shield)
rNeg    . . .        L - +0 chain mail
rPois   .            (no helmet)
rElec   .            B - +0 cloak
rCorr   .            n - +0 pair of gloves
SInv    .            o - +0 pair of boots
Will    ++...        z - amulet of regeneration Stlth
                     G - ring of willpower
HPRegen 1.10/turn    A - ring of willpower
MPRegen 0.12/turn

%: no passive effects
@: no status effects
A: high MP 1, forlorn, divine attributes
a: no special abilities


You were in a bailey.
You visited 1 branch of the dungeon, and saw 7 of its levels.
You also visited: Bailey.

You collected 343 gold pieces.

Inventory:

Hand Weapons
 a - a +2 flail of draining (weapon)
 b - a +1 sling of flaming
 c - a +0 dagger of venom
 d - the +6 hand axe "Vausif" {vamp, rF- rC+ Str+3}
   (You found it on level 7 of the Dungeon)

   Str+3:     It affects your strength (+3).
   rF-:       It makes you vulnerable to fire.
   rC+:       It protects you from cold.
Missiles
 k - 3 poisoned darts
 N - 17 boomerangs (quivered)
Armour
 h - a +0 ring mail
 n - a +0 pair of gloves (worn)
 o - a +0 pair of boots (worn)
 B - a +0 cloak (worn)
 C - a +0 scale mail
 L - a +0 chain mail (worn)
Magical Staves
 K - a staff of poison
Jewellery
 r - a ring of resist corrosion
 z - an amulet of regeneration (around neck)
 A - a ring of willpower (right hand)
 G - a ring of willpower (left hand)
 I - a ring of positive energy
Wands
 g - a wand of digging (9)
 E - a wand of roots (6)
Scrolls
 e - 3 scrolls of fear
 i - 2 scrolls of immolation {unknown}
 j - a scroll of noise {unknown}
 m - 4 scrolls of teleportation {unknown}
 p - 8 scrolls of identify {unknown}
 s - 3 scrolls of fog
 t - 3 scrolls of enchant weapon {unknown}
 w - a scroll of brand weapon {unknown}
 x - a scroll of vulnerability {unknown}
 y - a scroll of poison {unknown}
 D - a scroll of enchant armour {unknown}
 F - a scroll of amnesia {unknown}
 M - 3 scrolls of revelation
Potions
 f - 2 potions of haste
 l - 2 potions of attraction {unknown}
 q - 2 potions of degeneration {unknown}
 u - 2 potions of brilliance {unknown}
 v - a potion of cancellation {unknown}
 H - a potion of curing {unknown}
 J - a potion of might {unknown}


   Skills:
 - Level 2.6 Fighting
 + Level 11.3 Maces & Flails
 - Level 1.7 Dodging
 - Level 4.5 Stealth


You had 5 spell levels left.
You knew the following spells:

 Your Spells              Type           Power      Damage    Failure   Level
a - Blink                 Tloc           0%         N/A       99%         2

Your spell library contained the following spells:

 Spells                   Type           Power      Damage    Failure   Level
 Shock                    Conj/Air       0%         1d3       95%         1
 Summon Small Mammal      Summ           0%         N/A       95%         1
 Lesser Beckoning         Tloc           0%         N/A       99%         2
 Momentum Strike          Conj/Tloc      0%         3d8       99%         2
 Call Canine Familiar     Summ           0%         N/A       100%        3
 Summon Guardian Golem    Hex/Summ       0%         N/A       100%        3
 Swiftness                Air            0%         N/A       100%        3
 Volatile Blastmotes      Fire/Tloc      0%         2d10      100%        3
 Airstrike                Air            0%         2d(0-16)  100%        4
 Olgreb's Toxic Radiance  Pois           0%         N/A       100%        4
 Summon Ice Beast         Ice/Summ       0%         N/A       100%        4
 Freezing Cloud           Conj/Ice/Air   0%         6-21      100%        5
 Discord                  Hex            0%         N/A       100%        8
 Ignition                 Fire           0%         3d3       100%        8


Dungeon Overview and Level Annotations

Branches:
Dungeon (7/15)             Bailey (1/1)
 Temple: D:4-7

Annotations:
D:3 Edmund
D:5 Dowan
D:6 2 runed translucent doors, pigah's ghost, novice OpSh


Innate Abilities, Weirdness & Mutations

You have an increased reservoir of magic. (+10% MP)
You shall have no god before yourself.
Your divine heritage dramatically boosts your attributes as you level up.


Message History

* * * LOW HITPOINT WARNING * * *
Unknown command.
Unknown command.
You hit the orc knight but do no damage.
The orc knight looks as sick as possible!
The orc knight is lightly wounded.
The orc knight splashes around in the water.
Your +0 dagger of venom stops dripping with poison.
You sense an unholy aura.
a - a +2 flail of draining (weapon)
Unknown command.
Unknown command.
Aiming: Fastroot
Press: ? - help, Shift-Dir - straight line, f/p - orc knight
Aim: an orc knight, wielding a +0 war axe, wearing a +0 plate armour and quivering datura-tipped darts (lightly wounded, extremely poisoned)
The roots erupt in riotous growth!
Roots grab the orc knight.
The grasping roots constrict the orc knight.
The orc knight splashes around in the water.
Unknown command.
Unknown command.
Unknown command.
Unknown command.
You sock the orc knight!
The orc knight is moderately wounded.
The grasping roots constrict the orc knight, but do no damage.
The roots release their grip on the orc knight.
The orc knight hits you with a +0 war axe!
* * * LOW HITPOINT WARNING * * *
Unknown command.
Unknown command.
Unknown command.
Unknown command.
Unknown command.
Unknown command.
Unknown command.
Unknown command.
The orc knight attacks as it pursues you!
The orc knight hits you with a +0 war axe!!
You die...

##~...(...~##
#~~....())~~#####
..~~.......~~....#
##~~.......~~###.#
..~~.......~~)...#
##~~.......(~###.#
..~~.......~(....#
##~~.......~)###.#
.~~.......~~.o@.#
#~~.......~~###.#
.~~.......~~....#
#~~.......~~#####
#~.......~##
####...#### #...#
#...# #).)#


You could see an orc knight (very poisoned).

Vanquished Creatures
  Eustachio (D:4)
  Duvessa (D:5)
  2 orc warriors (Bailey)
  An ice beast (D:4)
  2 sky beasts (D:6)
  3 ogres
  2 phantoms (D:5)
  7 kobold brigands (Bailey)
  A bullfrog (D:6)
  A gnoll sergeant (D:7)
  A howler monkey (D:6)
  2 hounds (D:6)
  An orc priest (D:3)
  A jelly (D:6)
  2 sleepcaps
  A gnoll bouda (D:7)
  3 iguanas
  Ijyb (D:4)
  An orc wizard (D:2)
  6 gnolls (D:7)
  5 adders
  A shadow imp (D:6)
  2 ufetubi (D:5)
  2 worms (D:2)
  A dart slug (D:1)
  10 orcs
  4 endoplasms
  7 giant cockroaches
  6 goblins
  8 hobgoblins
  3 jackals (D:1)
  2 quokkas
  9 ball pythons
  2 bats
  8 frilled lizards
  15 kobolds
  2 rats (D:1)
127 creatures vanquished.

Notes
Turn   | Place    | Note
-------+----------+-------------------------------------------
     0 | D:5      | drugrobin the Demigod Delver began the quest for the Orb.
     0 | D:5      | Reached XP level 1. HP: 18/18 MP: 3/3
    90 | D:2      | Reached skill level 2 in Maces & Flails
   272 | D:2      | Reached XP level 2. HP: 11/25 MP: 4/4
   397 | D:2      | Reached skill level 3 in Maces & Flails
   571 | D:2      | Reached XP level 3. HP: 23/30 MP: 5/5
  1284 | D:2      | Learned a level 2 spell: Blink
  1332 | D:2      | Reached skill level 4 in Maces & Flails
  1389 | D:2      | Reached XP level 4. HP: 35/37 MP: 6/6
  1408 | D:2      | Got Dakoirch's Information on Ice and Arson
  2434 | D:4      | Reached skill level 5 in Maces & Flails
  2436 | D:4      | Reached XP level 5. HP: 42/42 MP: 7/7
  2764 | D:4      | Noticed an ice beast
  2776 | D:4      | Killed an ice beast
  2851 | D:4      | Noticed an ogre
  2858 | D:4      | Killed an ogre
  2859 | D:4      | Reached skill level 6 in Maces & Flails
  2859 | D:4      | Reached XP level 6. HP: 35/50 MP: 8/8
  2884 | D:4      | Noticed Eustachio
  2899 | D:4      | Killed Eustachio
  2900 | D:4      | Reached skill level 7 in Maces & Flails
  2957 | D:4      | Noticed Edmund
  3033 | D:4      | Noticed Ijyb
  3048 | D:4      | Killed Ijyb
  3523 | D:5      | Reached XP level 7. HP: 56/56 MP: 9/9
  3745 | D:5      | Reached skill level 8 in Maces & Flails
  3954 | D:5      | Noticed Duvessa
  3974 | D:5      | Killed Duvessa
  3991 | D:5      | Noticed Dowan
  4155 | D:6      | Found a large runed translucent door.
  4156 | D:6      | Found a large runed translucent door.
  4158 | D:6      | Noticed pigah's ghost (novice OpSh)
  4207 | D:6      | Reached skill level 9 in Maces & Flails
  4361 | D:6      | Reached XP level 8. HP: 59/62 MP: 10/10
  5271 | D:7      | Noticed a boulder beetle
  5455 | D:7      | Reached skill level 10 in Maces & Flails
  5518 | D:7      | Found a flagged portal.
  5527 | D:7      | Identified the +6 hand axe "Vausif" {vamp, rF- rC+ Str+3}
  5554 | Bailey   | Entered a bailey
  5752 | Bailey   | Reached skill level 11 in Maces & Flails
  5809 | Bailey   | Noticed an orc knight
  5831 | Bailey   | Slain by an orc knight

Illustrated notes

Levels and vault maps discovered:
D:1:      minmay_arrival_nine_rooms, layout_basic
D:2:      layout_basic, hangedman_decor_riveting, minmay_hexomino_c4
D:3:      layout_rooms
D:4:      layout_loops_ring, serial_forest, infiniplex_forest_straight_5,
          infiniplex_forest_lined_2, infiniplex_forest_end_1,
          infiniplex_forest_end_1, infiniplex_forest_end_3,
          infiniplex_forest_clump_double, minmay_lizard_king, uniq_ijyb,
          uniq_eustachio, uniq_edmund
D:5:      layout_loops_ring, mainiacjoe_overflow_24_doors,
          mainiacjoe_overflow_catch_the_wave, kennysheep_boxes, uniq_duvessa
D:6:      layout_loops_ring, fiery_altar_vehumet, ebering_ghost_disaster_area
D:7:      layout_loops_corners, minmay_temple_entry_poolview, enter_bailey_2,
          minmay_misc_feat_iff, minmay_parallelograms, david_defended_altar_orc
Bailey:   bailey_axe_3, bailey

Skill      XL: |  1  2  3  4  5  6  7  8 |
---------------+-------------------------+-----
Maces & Flails | 2 3 4 5 6 7 9 11 | 11.3
Fighting       | |  2.6
Dodging        | |  1.7
Stealth        | |  4.5

Action                     |  1- 3 |  4- 6 |  7- 9 || total
---------------------------+-------+-------+-------++-------
  Melee: Mace              |    44 |       |       ||    44
         Quarterstaff      |    75 |    15 |       ||    90
         Dagger            |    28 |       |     5 ||    33
         Flail             |       |   104 |   151 ||   255
         Punch             |       |     1 |     3 ||     4
         Hand axe          |       |       |    21 ||    21
   Fire: Sling             |     9 |    24 |     2 ||    35
  Throw: Dart              |       |     4 |    13 ||    17
  Evoke: Wand              |       |       |     2 ||     2
   Stab: Sleeping          |     1 |       |     1 ||     2
 Armour: Ring mail         |    97 |    23 |       ||   120
         Leather armour    |     2 |       |       ||     2
         Scale mail        |       |    46 |    80 ||   126
         Chain mail        |       |       |    81 ||    81
  Dodge: Dodged            |    92 |    50 |    89 ||   231

Table legend: (Time is in decaauts)
 A = Elapsed time spent in this place.
 B = Non-inter-level travel time spent in this place.
 C = Inter-level travel time spent in this place.
 D = Time resting spent in this place.
 E = Time spent auto-exploring this place.
 F = Levels seen in this place.
 G = Mean time per level.
                   A        B        C        D        E       F      G
               +--------+--------+--------+--------+--------+-----+--------+
         Total |   5860 |   5570 |    290 |    390 |   3215 |   8 |  732.5 |
       Dungeon |   5584 |   5294 |    290 |    330 |   3185 |   7 |  797.7 |
        Bailey |    276 |    276 |      0 |     60 |     30 |   1 |  276.0 |
               +--------+--------+--------+--------+--------+-----+--------+

Top non-repeatable levels by time:
     D:2: 1311 daAuts
     D:6: 1117 daAuts
     D:4: 1090 daAuts
     D:5: 659 daAuts
     D:1: 597 daAuts
     D:3: 531 daAuts
     D:7: 276 daAuts
  Bailey: 276 daAuts
